 Dungeon Crawl Stone Soup version 0.31.0-11-ge490571c62 (webtiles) character file.

Game seed: 17525903849988061321

32 mopl the Apothecary (level 3, -1/21 HPs)
             Began as an Octopode Alchemist on Feb 10, 2024.
             Slain by a jackal (3 damage)
             ... on level 1 of the Dungeon.
             The game lasted 00:01:25 (754 turns).

mopl the Apothecary (Octopode Alchemist)             Turns: 754, Time: 00:01:25

Health: -1/21      AC:  1    Str:  7    XL:     3   Next: 25%
Magic:  5/6        EV: 13    Int: 19    God:
Gold:   47         SH:  0    Dex: 12    Spells: 6/7 levels left

rFire   . . .        a - staff of alchemy
rCold   + . .        (no shield)
rNeg    . . .        (helmet restricted)
rPois   +            (no amulet)
rElec   .            l - ring of protection from cold
rCorr   .            (no ring)
SInv    .            (no ring)
Will    .....        (no ring)
Stlth   +++          (no ring)
HPRegen 0.23/turn    (no ring)
MPRegen 0.10/turn    (no ring)
                     (no ring)

%: no passive effects
@: no status effects
A: almost no armour, amphibious, 8 rings, camouflage 1, gelatinous body 1,
(nimble swimmer 1), tentacles
a: no special abilities


You were on level 1 of the Dungeon.
You visited 1 branch of the dungeon, and saw 2 of its levels.

You collected 47 gold pieces.

Inventory:

Hand Weapons
 i - a +1 dagger of holy wrath
Missiles
 g - 2 boomerangs
Magical Staves
 a - a staff of alchemy (weapon)
Jewellery
 l - a ring of protection from cold (left tentacle)
Scrolls
 d - a scroll of identify {unknown}
 e - a scroll of acquirement {unknown}
 f - a scroll of enchant weapon {unknown}
Potions
 b - 2 potions of brilliance {unknown}
 c - a potion of ambrosia {unknown}
 h - 2 potions of degeneration {unknown}
 j - a potion of might {unknown}
 k - a potion of enlightenment {unknown}
 m - a potion of magic
 n - a potion of curing {unknown}


   Skills:
 - Level 2.0 Dodging
 - Level 2.6 Stealth
 + Level 2.5 Spellcasting
 + Level 1.8 Conjurations
 + Level 3.8 Alchemy


You had 6 spell levels left.
You knew the following spells:

 Your Spells              Type           Power      Damage    Failure   Level
a - Sting                 Conj/Alch      76%        1d7       4%          1

Your spell library contained the following spells:

 Spells                   Type           Power      Damage    Failure   Level
 Mercury Vapours          Alch/Air       28%        N/A       11%         2
 Cigotuvi's Dreadful Rot  Necr/Alch/Air  20%        N/A       14%         2
 Mephitic Cloud           Conj/Alch/Air  14%        N/A       22%         3
 Olgreb's Toxic Radiance  Alch           25%        N/A       32%         4
 Ignite Poison            Fire/Alch      14%        N/A       58%         4
 Sticky Flame             Fire/Alch      14%        2d5       58%         4
 Freezing Cloud           Conj/Ice/Air   2%         6-21      98%         5


Dungeon Overview and Level Annotations

Branches:
Dungeon (2/15)

Altars:
Zin

Annotations:
D:2 Robin


Innate Abilities, Weirdness & Mutations

You cannot wear most types of armour.
You are amphibious.
You can wear up to eight rings at the same time.
Your skin changes colour to match your surroundings (Stealth+).
Your rubbery body absorbs attacks. (AC +1, EV +1)
((You are camouflaged when in or above water. (Stealth+)))
You have tentacles for arms and can constrict up to eight enemies at once.


Message History

An endoplasm and a jackal come into view.
There is a stone staircase leading up here.
You hit the jackal. Your grab misses the jackal.
The jackal is severely wounded.
The jackal bites you. The jackal barely misses you.
You closely miss the jackal. Your grab misses the jackal.
You squeeze the jackal.
You kill the jackal!
The jackal bites you.
The jackal misses you. x2; The jackal bites you.
You climb upwards.
There is a stone staircase leading down here.
You feel a surge of power!
The sting hits the jackal.
The jackal is poisoned.
The jackal is severely wounded.
The jackal closely misses you. The jackal misses you. The jackal bites you.
The jackal closely misses you. The jackal bites you. x2
You are too injured to fight recklessly!
You are too injured to fight recklessly!
You barely miss the jackal. You grab the jackal. You constrict the jackal.
You kill the jackal!
The jackal bites you. x2
You hit the jackal but do no damage.
The jackal is lightly wounded.
You constrict the jackal, but do no damage.
The jackal bites you. x2
* * * LOW HITPOINT WARNING * * *
The jackal closely misses you. The jackal misses you.
You closely miss the jackal. You grab the jackal.
Your squeeze misses the jackal. You constrict the jackal. x2
The jackal bites you.
* * * LOW HITPOINT WARNING * * *
The jackal bites you.
* * * LOW HITPOINT WARNING * * *
The jackal closely misses you. x2
You barely miss the jackal.
The jackal is heavily wounded.
You constrict the jackal. x2
You kill the jackal!
The jackal bites you.
You die...

##### ######## ####...#
#......#
#......###......#####
#...................#
##..........###......#######
#...........'.+.............
#..........†###.......##....
#....#....#@h...............
#...##....##.###....#+#.....
######...†##.....##......#.#
#...............#......#+#
#.....#.....(...#.........
#.....#...................
#......###.....##.........
###......'.'.....##.........
#........###.....########...


You could see a jackal.

Vanquished Creatures
  3 bats (D:1)
  2 endoplasms (D:1)
  A giant cockroach (D:1)
  3 goblins
  2 hobgoblins
  6 jackals
  2 quokkas
  2 ball pythons (D:1)
  5 kobolds
  4 rats (D:1)
30 creatures vanquished.

Notes
Turn   | Place    | Note
-------+----------+-------------------------------------------
     0 | D:1      | mopl the Octopode Alchemist began the quest for the Orb.
     0 | D:1      | Reached XP level 1. HP: 11/11 MP: 3/3
   236 | D:1      | Reached XP level 2. HP: 17/17 MP: 1/5
   643 | D:2      | Reached XP level 3. HP: 21/21 MP: 4/6
   658 | D:2      | Noticed Robin
   729 | D:2      | Found a glowing silver altar of Zin.
   754 | D:1      | Slain by a jackal

Illustrated notes

Levels and vault maps discovered:
D:1:      lightli_arrival_lavapool, layout_basic
D:2:      layout_rooms, basic_altar, ebering_ecumenical_altar_hall,
          uniq_natasha, uniq_robin

Action                     || total
---------------------------++-------
  Melee: Unarmed           ||     7
         Short sword       ||    12
         Constrict         ||     9
         Tentacles         ||     4
         Dagger            ||    13
         Punch             ||     1
         Staff             ||     7
   Cast: Sting             ||    31
   Stab: Sleeping          ||     1
 Armour: Skin              ||    33
  Dodge: Dodged            ||    41
